 Dungeon Crawl Stone Soup version 0.29-a0-1027-gcd8c55af63 (console) character file.

Game seed: 14266787621236121317

75439 jejorda2 the Basher (level 15, 0/117 (121) HPs)
             Began as a Gnoll Berserker on Aug 13, 2022.
             Was a High Priest of Trog.
             Shot with an arrow by a centaur (5 damage)
             ... led by a centaur warrior
             ... on level 13 of the Dungeon.
             The game lasted 01:13:45 (26733 turns).

jejorda2 the Basher (Gnoll Berserker)              Turns: 26733, Time: 01:13:45

HP:   0/117 (121)   AC: 25    Str: 24    XL:     15   Next: 50%
MP:   29/29         EV: 16    Int:  7    God:    Trog [*****.]
Gold: 1764          SH:  0    Dex: 11    Spells: 35/35 levels left

rFire   + . .      SeeInvis .   a - +0 dire flail (drain)
rCold   + . .      Faith    +   (shield currently unavailable)
rNeg    . . .      Spirit   .   P - +0 storm dragon scales
rPois   +          Reflect  .   q - +2 helmet
rElec   +          Harm     .   e - scarf {rC+ rF+}
rCorr   .          Rampage  .   F - +2 pair of gloves
Will    +++..                   f - +2 pair of boots
Stlth   +.........              x - amulet of faith
HPRegen 1.29/turn               K - ring of poison resistance
MPRegen 0.21/turn               D - +4 ring of evasion

@: strong-willed, on berserk cooldown, regenerating, lightly drained
A: fangs 1, strong nose, distributed training
a: Renounce Religion, Berserk, Trog's Hand, Brothers in Arms


You were on level 13 of the Dungeon.
You worshipped Trog.
Trog was extremely pleased with you.
You visited 3 branches of the dungeon, and saw 19 of its levels.
You also visited: Bailey.

You collected 2479 gold pieces.
You spent 715 gold pieces at shops.

Inventory:

Hand Weapons
 a - a +0 dire flail of draining (weapon)
 b - a +1 hand crossbow of flaming
 S - the +8 great sword "Deupaun" {antimagic, Int+2}
   (You found it on level 2 of the Lair of Beasts)

   It reduces the magical energy of the wielder, and disrupts the spells and
   magical abilities of those it strikes.
   Natural abilities and divine invocations are not affected.
   Int:       It affects your intelligence (+2).
Missiles
 u - 24 poisoned darts (quivered)
 v - 110 stones
 w - 24 boomerangs
 z - 8 javelins
 A - a datura-tipped dart
 M - a silver boomerang
 N - 9 atropa-tipped darts
 T - a throwing net
 V - 3 curare-tipped darts
Armour
 e - a scarf of resistance (worn)
 f - a +2 pair of boots (worn)
 q - a +2 helmet (worn)
 F - a +2 pair of gloves (worn)
 G - +0 fire dragon scales
 P - +0 storm dragon scales (worn)
Jewellery
 h - an amulet of reflection
 x - an amulet of faith (around neck)
 y - a ring of ice
 D - a +4 ring of evasion (right hand)
 K - a ring of poison resistance (left hand)
Wands
 s - a wand of mindburst (1)
 B - a wand of acid (9)
 C - a wand of flame (33)
 J - a wand of charming (6)
 U - a wand of iceblast (8)
Scrolls
 c - a scroll of brand weapon
 k - 4 scrolls of butterflies
 l - 5 scrolls of blinking
 m - 2 scrolls of silence
 n - 11 scrolls of teleportation
 O - 6 scrolls of identify
 R - 2 scrolls of enchant weapon
 W - 3 scrolls of summoning
 X - a scroll of magic mapping
Potions
 d - 2 potions of berserk rage
 g - 2 potions of might
 i - 3 potions of mutation
 j - a potion of magic
 o - 8 potions of attraction
 p - 3 potions of resistance
 r - 12 potions of curing
 E - 4 potions of haste
 I - a potion of heal wounds
 L - 2 potions of lignification
 Q - a potion of cancellation
Miscellaneous
 H - a condenser vane (inert)


   Skills:
 + Level 12.3 Fighting
 + Level 10.5 Short Blades
 + Level 10.5 Long Blades
 + Level 10.5 Axes
 + Level 12.3 Maces & Flails
 + Level 10.5 Polearms
 + Level 10.5 Staves
 + Level 10.5 Ranged Weapons
 + Level 10.5 Throwing
 + Level 11.4 Armour
 + Level 11.4 Dodging
 + Level 10.5 Stealth
 + Level 10.5 Shields
 + Level 10.5 Unarmed Combat
 + Level 10.5 Spellcasting
 + Level 8.8 Conjurations
 + Level 8.8 Hexes
 + Level 8.8 Summonings
 + Level 8.8 Necromancy
 + Level 8.8 Translocations
 + Level 8.8 Transmutations
 + Level 8.8 Fire Magic
 + Level 8.8 Ice Magic
 + Level 8.8 Air Magic
 + Level 8.8 Earth Magic
 + Level 8.8 Poison Magic
 + Level 11.4 Invocations
 + Level 10.5 Evocations


You had 35 spell levels left.
You didn't know any spells.
Your spell library was empty.

Dungeon Overview and Level Annotations

Branches:
Dungeon (13/15)            Temple (0/1) D:5            Lair (5/5) D:8
 Shoals (0/4) Lair:3        Snake (0/4) Lair:3        Slime (0/5) Lair:4
    Orc (1/2) D:11         Bailey (visited)
 Vaults: D:13-14

Altars:
Ashenzari
Dithmenos
Elyvilon
Hepliaklqana
Nemelex Xobeh
Okawaru
Qazlal
Sif Muna
Trog
Vehumet
Wu Jian
Xom
Yredelemnul
The Shining One
Jiyva

Shops:
D:3 *

Annotations:
D:8 1 runed translucent door, siradein's ghost, novice MfBe
D:10 exclusion: obsidian statue
Lair:2 exclusion: 3 oklob plants
Lair:5 3 runed translucent doors, Zonian's ghost, journeyman DsNe


Innate Abilities, Weirdness & Mutations

You have very sharp teeth.
Your uncanny sense of smell can sniff out nearby items.
Your experience applies equally to all skills.


Message History

You assume a fearsome visage.
The meliai looks frightened! x3
The howler monkey looks frightened! x2
The meliai is no longer covered in acid.
Unknown command.
Your skin crawls.
You feel strong-willed.
A centaur warrior comes into view.
The centaur warrior wields a +0 shortbow.
The centaur warrior shoots an arrow.
The arrow completely misses you.
A centaur comes into view.
The centaur shouts!
The centaur wields a +0 shortbow.
The centaur shoots an arrow.
The arrow hits you but does no damage.
The centaur warrior unwields a +0 shortbow.
The centaur warrior hits you but does no damage.
The centaur warrior kicks you but does no damage.
The centaur shoots an arrow.
The arrow hits you.
* * * LOW HITPOINT WARNING * * *
The centaur shoots an arrow.
The arrow hits you but does no damage.
The centaur warrior hits you but does no damage.
The centaur warrior completely misses you.
The meliai mumbles some strange prayers to its god against you.
Something smites you!
* * * LOW HITPOINT WARNING * * *
You barely miss the centaur warrior. You bite the centaur warrior.
The centaur warrior is lightly wounded.
The centaur shoots an arrow.
The arrow hits you but does no damage. The centaur warrior misses you.
The centaur warrior barely misses you.
The centaur shoots an arrow.
The arrow hits you but does no damage.
The centaur warrior hits you but does no damage.
The centaur warrior kicks you but does no damage.
Clouds of thunder condense around you!
The condenser dries out!
You feel yourself speed up.
The meliai is struck by lightning.
The meliai calls down the wrath of its god upon you.
Something smites you!
* * * LOW HITPOINT WARNING * * *
The centaur is struck by lightning.
The centaur shoots an arrow.
The arrow hits you.
You die...

#..###..?..y ..
....h......##..#
............. .
#.c.§§§.# #.#
#.§§# ∆ ....
#.y§# .....
##§##
.##.§c###c#
....§§§.@§# #h#
#.# .##...###.#
#.# #.# ### #$#
#.# #.# #.# #.#
#># ∆ ..# #.#
#.#
#########.####.#
..........##.##
#....#...
#.#####.###<.##


You could see a centaur warrior, a meliai and a centaur.

Vanquished Creatures
  A storm dragon (D:11)
  A fire dragon (Lair:5)
  An ettin (D:11)
  6 hydras
  A boulder beetle (D:11)
  3 catoblepae
  The ghost of Kuuciris the Fencer, a journeyman DgGl (Lair:1)
  Erica (Lair:2)
  6 two-headed ogres
  13 death yaks
  A glowing orange brain (Lair:1)
  An orc knight (Bailey)
  8 lindwurms
  A deep elf pyromancer (D:13)
  2 manticores
  2 ugly things (D:11)
  A cyclops (D:12)
  A salamander (shapeshifter) (D:13)
  3 merfolk sirens (Lair:3)
  11 black mambas
  Maurice (D:11)
  5 torpor snails (Lair:5)
  20 cane toads
  3 rime drakes
  16 komodo dragons
  An unseen horror (D:11)
  6 trolls
  3 tyrant leeches (Lair:5)
  A polar bear (Lair:5)
  A merfolk (Lair:3)
  7 hornets (Lair:5)
  13 blink frogs
  5 slime creatures
  11 dream sheep
  2 shadows
  The ghost of bladeefan the Trooper, an amateur HOMo (D:4)
  3 wraiths
  46 yaks
  8 wyverns
  2 vampires (D:11)
  5 basilisks
  Menkaure (D:5)
  8 vampire mosquitoes
  3 acid dragons
  16 water moccasins
  Duvessa (D:7)
  2 ice beasts (D:6)
  4 orc warriors
  2 black bears
  9 wolves
  8 centaurs
  2 kobold brigands
  11 bullfrogs
  A necrophage (D:4)
  3 scorpions
  7 wights
  Dowan (D:7)
  7 killer bees
  9 howler monkeys
  3 electric eels (Lair:5)
  4 jellies
  2 gnoll boudas
  2 hounds
  3 orc priests
  4 iguanas
  7 orc wizards
  6 adders
  16 gnolls
  6 white imps
  2 ufetubi (D:6)
  4 dart slugs
  55 orcs
  6 bats
  5 endoplasms
  4 giant cockroaches
  8 goblins
  8 hobgoblins
  2 quokkas (D:4)
  3 ball pythons
  2 frilled lizards
  11 kobolds
  7 rats
490 creatures vanquished.

Vanquished Creatures (collateral kills)
  A death yak (Lair:3)
  A manticore (D:11)
  A cane toad (Lair:1)
  A kobold demonologist (D:11)
  A troll (D:11)
  3 slime creatures (D:13)
  A wraith (D:11)
  8 yaks
  An acid dragon (D:11)
  A centaur (D:11)
  A wight (D:8)
20 creatures vanquished.

Vanquished Creatures (others)
  A yak (Lair:1)
  An orc warrior (Bailey)
  A bush (Lair:5)
  43 fungi
  65 plants
111 creatures vanquished.

Grand Total: 621 creatures vanquished

Notes
Turn   | Place    | Note
-------+----------+-------------------------------------------
     0 | D:1      | jejorda2 the Gnoll Berserker began the quest for the Orb.
     0 | D:1      | Reached XP level 1. HP: 23/23 MP: 1/1
   128 | D:1      | Reached XP level 2. HP: 23/29 MP: 2/2
   462 | D:1      | Found a faded altar of an unknown god.
   856 | D:2      | Reached XP level 3. HP: 35/35 MP: 3/3
   859 | D:2      | Reached ** piety under Trog
  1044 | D:2      | Reached skill level 1 in Invocations
  1592 | D:3      | Reached skill level 1 in Short Blades
  1592 | D:3      | Reached skill level 1 in Long Blades
  1592 | D:3      | Reached skill level 1 in Axes
  1592 | D:3      | Reached skill level 1 in Polearms
  1592 | D:3      | Reached skill level 1 in Staves
  1592 | D:3      | Reached skill level 1 in Ranged Weapons
  1592 | D:3      | Reached skill level 1 in Throwing
  1592 | D:3      | Reached skill level 1 in Stealth
  1592 | D:3      | Reached skill level 1 in Shields
  1592 | D:3      | Reached skill level 1 in Unarmed Combat
  1592 | D:3      | Reached skill level 1 in Spellcasting
  1592 | D:3      | Reached skill level 1 in Evocations
  1652 | D:3      | Reached XP level 4. HP: 41/41 MP: 5/5
  1690 | D:3      | Reached skill level 1 in Conjurations
  1690 | D:3      | Reached skill level 1 in Hexes
  1690 | D:3      | Reached skill level 1 in Summonings
  1690 | D:3      | Reached skill level 1 in Necromancy
  1690 | D:3      | Reached skill level 1 in Translocations
  1690 | D:3      | Reached skill level 1 in Transmutations
  1690 | D:3      | Reached skill level 1 in Fire Magic
  1690 | D:3      | Reached skill level 1 in Ice Magic
  1690 | D:3      | Reached skill level 1 in Air Magic
  1690 | D:3      | Reached skill level 1 in Earth Magic
  1690 | D:3      | Reached skill level 1 in Poison Magic
  1941 | D:3      | Found a broken altar of Ashenzari.
  1968 | D:3      | Reached XP level 5. HP: 47/47 MP: 7/7
  1982 | D:3      | Found Juad Set's General Store.
  1992 | D:3      | Bought a potion of curing for 39 gold pieces
  2253 | D:4      | Reached *** piety under Trog
  2529 | D:4      | Reached XP level 6. HP: 53/53 MP: 8/8
  2727 | D:4      | Reached skill level 5 in Armour
  2727 | D:4      | Reached skill level 5 in Dodging
  2869 | D:4      | Found a runed translucent door.
  2874 | D:4      | Noticed bladeefan's ghost (amateur HOMo)
  2886 | D:4      | Killed bladeefan's ghost
  3026 | D:4      | Found a shadowy altar of Dithmenos.
  3493 | D:4      | Found a glowing golden altar of the Shining One.
  3584 | D:5      | Entered Level 5 of the Dungeon
  3848 | D:5      | Found a staircase to the Ecumenical Temple.
  3869 | D:5      | Reached XP level 7. HP: 60/60 MP: 10/10
  4061 | D:5      | Noticed Menkaure
  4072 | D:5      | Killed Menkaure
  5224 | D:6      | Found a sparkling altar of Nemelex Xobeh.
  5315 | D:6      | Reached XP level 8. HP: 67/67 MP: 12/12
  5519 | D:6      | Found a shimmering blue altar of Sif Muna.
  5957 | D:7      | Noticed Duvessa
  5966 | D:7      | Killed Duvessa
  5967 | D:7      | Noticed Dowan
  6005 | D:7      | Killed Dowan
  6037 | D:7      | Reached **** piety under Trog
  6155 | D:7      | Reached XP level 9. HP: 73/73 MP: 14/14
  6794 | D:7      | You fall into a shaft and drop 3 floors!
  6794 | D:10     | Entered Level 10 of the Dungeon
  6794 | D:10     | Found a basalt altar of Yredelemnul.
  6877 | D:9      | Found a radiant altar of Vehumet.
  6894 | D:9      | Reached skill level 5 in Invocations
  7033 | D:9      | Found a flagged portal.
  7048 | Bailey   | Entered a bailey
  7279 | Bailey   | Noticed an orc knight
  7287 | Bailey   | Killed an orc knight
  7288 | Bailey   | Reached skill level 5 in Short Blades
  7288 | Bailey   | Reached skill level 5 in Long Blades
  7288 | Bailey   | Reached skill level 5 in Axes
  7288 | Bailey   | Reached skill level 5 in Polearms
  7288 | Bailey   | Reached skill level 5 in Staves
  7288 | Bailey   | Reached skill level 5 in Ranged Weapons
  7288 | Bailey   | Reached skill level 5 in Throwing
  7288 | Bailey   | Reached skill level 5 in Stealth
  7288 | Bailey   | Reached skill level 5 in Shields
  7288 | Bailey   | Reached skill level 5 in Unarmed Combat
  7288 | Bailey   | Reached skill level 5 in Spellcasting
  7288 | Bailey   | Reached skill level 5 in Evocations
  7288 | Bailey   | Reached XP level 10. HP: 82/82 MP: 17/17
  7779 | D:9      | Found a hazy altar of Hepliaklqana.
  8071 | D:9      | Found an iron altar of Okawaru.
  8472 | D:8      | Found a runed translucent door.
  8472 | D:8      | Found a shimmering altar of Xom.
  8472 | D:8      | Noticed a +0 falchion of chaos
  8472 | D:8      | Noticed siradein's ghost (novice MfBe)
  8484 | D:8      | Reached ***** piety under Trog
  8674 | D:8      | Found an ornate altar of the Wu Jian Council.
  8767 | D:8      | Found a staircase to the Lair.
  9692 | D:3      | Bought a scroll of acquirement for 676 gold pieces
  9693 | D:3      | Acquired 734 gold pieces
  9861 | D:10     | Noticed a two-headed ogre
  9870 | D:10     | Killed a two-headed ogre
 10314 | D:10     | Found a bloodstained altar of Trog.
 10493 | D:10     | Found a stormy altar of Qazlal.
 10705 | D:10     | Noticed an obsidian statue
 10769 | D:10     | Found a white marble altar of Elyvilon.
 10914 | D:11     | Reached skill level 5 in Conjurations
 10914 | D:11     | Reached skill level 5 in Hexes
 10914 | D:11     | Reached skill level 5 in Summonings
 10914 | D:11     | Reached skill level 5 in Necromancy
 10914 | D:11     | Reached skill level 5 in Translocations
 10914 | D:11     | Reached skill level 5 in Transmutations
 10914 | D:11     | Reached skill level 5 in Fire Magic
 10914 | D:11     | Reached skill level 5 in Ice Magic
 10914 | D:11     | Reached skill level 5 in Air Magic
 10914 | D:11     | Reached skill level 5 in Earth Magic
 10914 | D:11     | Reached skill level 5 in Poison Magic
 10914 | D:11     | Reached XP level 11. HP: 74/89 MP: 18/20
 11143 | D:11     | Noticed a two-headed ogre
 11143 | D:11     | Noticed a two-headed ogre
 11143 | D:11     | Noticed a storm dragon
 11143 | D:11     | Noticed a two-headed ogre
 11143 | D:11     | Noticed a five-headed hydra
 11144 | D:11     | Noticed a boulder beetle
 11146 | D:11     | Killed a two-headed ogre
 11152 | D:11     | Killed a storm dragon
 11174 | D:11     | Killed a two-headed ogre
 11177 | D:11     | Noticed a two-headed ogre
 11185 | D:11     | Killed a two-headed ogre
 11229 | D:11     | Noticed a white ugly thing
 11234 | D:11     | Noticed an ettin
 11243 | D:11     | Killed a white ugly thing
 11249 | D:11     | Killed an ettin
 11520 | D:11     | Killed a two-headed ogre
 11838 | D:11     | Noticed Maurice
 12007 | D:11     | Killed Maurice
 12008 | D:11     | Reached XP level 12. HP: 97/97 MP: 22/22
 12504 | D:11     | Found a staircase to the Orcish Mines.
 12580 | D:11     | Reached skill level 10 in Fighting
 12580 | D:11     | Reached skill level 10 in Maces & Flails
 12689 | D:11     | Killed a boulder beetle
 12937 | D:11     | Killed a five-headed hydra
 13635 | Lair:1   | Entered Level 1 of the Lair of Beasts
 13978 | Lair:1   | Noticed a six-headed hydra
 13995 | Lair:1   | Killed a six-headed hydra
 14313 | Lair:1   | Noticed a catoblepas
 14332 | Lair:1   | Killed a catoblepas
 14593 | Lair:1   | Found a runed translucent gate.
 14594 | Lair:1   | Found a runed translucent gate.
 14594 | Lair:1   | Found a runed translucent gate.
 14596 | Lair:1   | Noticed Kuuciris's ghost (journeyman DgGl)
 14823 | Lair:1   | Reached XP level 13. HP: 104/104 MP: 25/25
 14843 | Lair:1   | Found a viscous altar of Jiyva.
 15199 | Lair:1   | HP: 4/104 [slime creature (10)]
 15399 | Lair:1   | Killed Kuuciris's ghost
 15482 | Lair:1   | Found a viscous altar of Jiyva.
 16464 | Lair:2   | Noticed Erica
 16486 | Lair:2   | Killed Erica
 17209 | Lair:2   | Identified the +8 great sword "Deupaun" {antimagic, Int+2}
 17727 | Lair:3   | Found a staircase to the Shoals.
 17961 | Lair:3   | Found a staircase to the Snake Pit.
 18015 | Lair:3   | Reached skill level 10 in Armour
 18015 | Lair:3   | Reached skill level 10 in Dodging
 19180 | Lair:3   | Reached XP level 14. HP: 54/113 MP: 27/27
 19445 | Lair:3   | Reached skill level 10 in Invocations
 21915 | Lair:4   | Found a viscous altar of Jiyva.
 21917 | Lair:4   | Found a staircase to the Slime Pits.
 22345 | Lair:5   | Entered Level 5 of the Lair of Beasts
 23015 | Lair:5   | Found a runed translucent door.
 23574 | Lair:5   | Reached skill level 10 in Short Blades
 23574 | Lair:5   | Reached skill level 10 in Long Blades
 23574 | Lair:5   | Reached skill level 10 in Axes
 23574 | Lair:5   | Reached skill level 10 in Polearms
 23574 | Lair:5   | Reached skill level 10 in Staves
 23574 | Lair:5   | Reached skill level 10 in Ranged Weapons
 23574 | Lair:5   | Reached skill level 10 in Throwing
 23574 | Lair:5   | Reached skill level 10 in Stealth
 23574 | Lair:5   | Reached skill level 10 in Shields
 23574 | Lair:5   | Reached skill level 10 in Unarmed Combat
 23574 | Lair:5   | Reached skill level 10 in Spellcasting
 23574 | Lair:5   | Reached skill level 10 in Evocations
 23780 | Lair:5   | Reached XP level 15. HP: 120/120 MP: 29/29
 23988 | Lair:5   | Found a runed translucent gate.
 23988 | Lair:5   | Found a runed translucent gate.
 23988 | Lair:5   | Found a runed translucent gate.
 23988 | Lair:5   | Noticed Zonian's ghost (journeyman DsNe)
 24895 | Orc:1    | Entered Level 1 of the Orcish Mines
 25925 | D:12     | Received a gift from Trog
 26733 | D:13     | HP: 5/117 [meliai/divine providence (15)]
 26733 | D:13     | Shot with an arrow by a centaur

Illustrated notes

Levels and vault maps discovered:
D:1:      dpeg_arrival_subterranean_lakeside_camping, layout_rooms,
          ebering_ecumenical_altar_sacrificial, chequers_big_river
D:2:      layout_basic
D:3:      wander_river, layout_basic, mainiacjoe_overflow_cross_hatched,
          serial_shops, nicolae_square_shop
D:4:      layout_loops_ring, tso_altar,
          nicolae_dithmenos_through_a_glass_darkly, serial_co_window_serial,
          co_window_of_opportunity_a, co_window_of_opportunity_a,
          co_window_paths_b, co_window_paths_b, co_window_paths_b,
          co_window_paths_b, co_window_broadway_b, co_window_broadway_a,
          co_window_broadway_c, co_window_sun, glass_columns_b,
          ebering_ghost_reflecting_pool, minivault_26,
          minmay_fractal_squares_gapless_5
D:5:      layout_basic, minmay_temple_entry_mist, uniq_menkaure
D:6:      layout_cave_pods, nemelex_diamond_rough_becter, general_overflow_altar
D:7:      layout_layer_cave, hangedman_decor_peaks_small, uniq_joseph,
          uniq_duvessa
D:8:      layout_basic, mainiacjoe_overflow_catwalk, lair_entry_dummy,
          ebering_ghost_xom
D:9:      layout_grid_maze, old_standard_altar, kennysheep_mini,
          mainiacjoe_overflow_boulevard, enter_bailey_4, item_on_display_a
D:10:     layout_gridville, kennysheep_ying_yang, trog_book,
          mainiacjoe_overflow_tiny_flanked, dk_vineyard_2,
          minmay_protected_statue
D:11:     nzn_winding_woodlands_cross [nzn_winding_woodlands_5x15_sawtooth,
          nzn_winding_woodlands_5x15_split_checker,
          nzn_winding_woodlands_5x15_sidewinder,
          nzn_winding_woodlands_5x15_concentric,
          nzn_winding_woodlands_15x15_killbox], layout_gridville, uniq_maurice
D:12:     layout_cave_pools, kennysheep_generic_room_8
D:13:     minmay_blocky_corners, layout_loops_ring, minmay_nine_imps
Lair:1:   layout_chaotic_city, gammafunk_ghost_ooze
Lair:2:   dpeg_oklob_gauntlet, layout_chaotic_city, grunt_megastairs_1,
          uniq_erica
Lair:3:   layout_cave_pods, elwin_shoals_entry_stream,
          minmay_snake_entry_six_corridors, beast_lair_carwin_1,
          lemuel_fruit_fields
Lair:4:   layout_regular_city, dpeg_slime_entry_corner, beast_lair_carwin_3,
          grunt_megastairs_4, lemuel_fruit_tree
Lair:5:   wormcave, layout_gridlike, ebering_ghost_rock_garden,
          minmay_lindwurm_lava, infiniplex_staircase_pool
Orc:1:    layout_caves, basic_altar, uniq_sonja

Skill      XL: |  1  2  3  4  5  6  7  8  9 10 11 12 13 14 15 |
---------------+----------------------------------------------+-----
Invocations    | 1 2 3 4 5 6 7 8 9 10 11 | 11.4
Short Blades   | 1 2 3 5 6 7 8 9 10 | 10.5
Long Blades    | 1 2 3 5 6 7 8 9 10 | 10.5
Axes           | 1 2 3 5 6 7 8 9 10 | 10.5
Polearms       | 1 2 3 5 6 7 8 9 10 | 10.5
Staves         | 1 2 3 5 6 7 8 9 10 | 10.5
Ranged Weapons | 1 2 3 5 6 7 8 9 10 | 10.5
Throwing       | 1 2 3 5 6 7 8 9 10 | 10.5
Stealth        | 1 2 3 5 6 7 8 9 10 | 10.5
Shields        | 1 2 3 5 6 7 8 9 10 | 10.5
Unarmed Combat | 1 2 3 5 6 7 8 9 10 | 10.5
Spellcasting   | 1 2 3 5 6 7 8 9 10 | 10.5
Evocations     | 1 2 3 5 6 7 8 9 10 | 10.5
Conjurations   | 1 2 3 4 5 6 7 8 |  8.8
Hexes          | 1 2 3 4 5 6 7 8 |  8.8
Summonings     | 1 2 3 4 5 6 7 8 |  8.8
Necromancy     | 1 2 3 4 5 6 7 8 |  8.8
Translocations | 1 2 3 4 5 6 7 8 |  8.8
Transmutations | 1 2 3 4 5 6 7 8 |  8.8
Fire Magic     | 1 2 3 4 5 6 7 8 |  8.8
Ice Magic      | 1 2 3 4 5 6 7 8 |  8.8
Air Magic      | 1 2 3 4 5 6 7 8 |  8.8
Earth Magic    | 1 2 3 4 5 6 7 8 |  8.8
Poison Magic   | 1 2 3 4 5 6 7 8 |  8.8
Armour         | 5 6 7 8 9 10 11 | 11.4
Dodging        | 5 6 7 8 9 10 11 | 11.4
Fighting       | 7 8 9 10 11 12 | 12.3
Maces & Flails | 7 8 9 10 11 12 | 12.3

Action                   |  1- 3 |  4- 6 |  7- 9 | 10-12 | 13-15 || total
-------------------------+-------+-------+-------+-------+-------++-------
Melee: Mace              |    28 |       |       |       |       ||    28
       Dire flail        |    47 |    98 |   265 |   508 |  1256 ||  2174
       Bite              |     4 |    12 |    26 |    62 |   175 ||   279
 Fire: Hand crossbow     |       |       |       |       |    65 ||    65
Throw: Dart              |       |       |     6 |    13 |       ||    19
       Javelin           |       |       |       |     5 |     1 ||     6
       Throwing net      |       |       |       |       |     2 ||     2
Invok: Berserk           |       |     1 |     4 |    12 |    19 ||    36
       Trog's Hand       |       |     1 |     2 |     6 |     8 ||    17
       Brothers in Arms  |       |       |     1 |     3 |     3 ||     7
Evoke: Wand              |       |       |     3 |     2 |     2 ||     7
       Condenser vane    |       |       |       |     1 |     4 ||     5
  Use: Scroll            |       |    12 |     5 |     9 |     9 ||    35
       Potion            |       |       |       |       |     8 ||     8
 Stab: Sleeping          |     2 |       |       |       |       ||     2
       Petrified         |       |       |       |     7 |       ||     7
       Distracted        |       |       |       |       |     1 ||     1
Armor: Animal skin       |     3 |       |       |       |       ||     3
       Plate armour      |    27 |    52 |   152 |   163 |       ||   394
       Ring mail         |     2 |       |       |       |       ||     2
       Storm dragon scal |       |       |       |    71 |   538 ||   609
       Fire dragon scale |       |       |       |       |     4 ||     4
Dodge: Dodged            |    47 |    36 |   188 |   272 |   786 ||  1329

Table legend: (Time is in decaauts)
 A = Elapsed time spent in this place.
 B = Non-inter-level travel time spent in this place.
 C = Inter-level travel time spent in this place.
 D = Time resting spent in this place.
 E = Time spent auto-exploring this place.
 F = Levels seen in this place.
 G = Mean time per level.
                   A        B        C        D        E       F      G
               +--------+--------+--------+--------+--------+-----+--------+
         Total |  26710 |  25064 |   1646 |   3692 |  16900 |  20 | 1335.5 |
       Dungeon |  15265 |  13957 |   1308 |   1557 |   9874 |  13 | 1174.2 |
          Lair |  10985 |  10648 |    337 |   2026 |   6866 |   5 | 2197.0 |
  Orcish Mines |      1 |      1 |      0 |      0 |      0 |   1 |    1.0 |
        Bailey |    458 |    458 |      0 |    109 |    160 |   1 |  458.0 |
               +--------+--------+--------+--------+--------+-----+--------+

Top non-repeatable levels by time:
  Lair:3: 3533 daAuts
  Lair:1: 2550 daAuts
    D:11: 2288 daAuts
  Lair:5: 2273 daAuts
    D:10: 1712 daAuts
     D:4: 1545 daAuts
  Lair:2: 1405 daAuts
     D:7: 1401 daAuts
     D:5: 1366 daAuts
     D:9: 1305 daAuts
  Lair:4: 1223 daAuts
     D:6: 1042 daAuts
    D:12: 961 daAuts
     D:1: 818 daAuts
     D:8: 753 daAuts
